 Dungeon Crawl Stone Soup version 0.30-a0-1123-gabc949cf19 (webtiles) character file.

Game seed: 11882203434285763594

5541 LustLizard the Zephyrmancer (level 10, -2/58 HPs)
             Began as a Deep Elf Air Elementalist on Apr 22, 2023.
             Was a Believer of Vehumet.
             Constricted to death by Maurice (5 damage)
             ... on level 8 of the Dungeon.
             The game lasted 00:20:43 (11714 turns).

LustLizard the Zephyrmancer (DEAE)                 Turns: 11714, Time: 00:20:44

Health: -2/58      AC:  6    Str: 13    XL:     10   Next: 43%
Magic:  20/24      EV: 10    Int: 23    God:    Vehumet [**....]
Gold:   0          SH:  0    Dex: 15    Spells: 15/25 levels left

rFire   + . .        y - +1 dagger (venom)
rCold   . . .        (no shield)
rNeg    . . .        s - +1 leather armour {rF+}
rPois   .            (no helmet)
rElec   .            J - +0 cloak
rCorr   .            j - +0 pair of gloves
SInv    .            (no boots)
Will    +....        E - amulet of magic regeneration
Stlth   ++++         m - ring of wizardry
HPRegen 0.29/turn    u - +6 ring of strength
MPRegen 0.59/turn

%: wizardry (x1)
@: grasped by roots, constricted
A: no striking features
a: Renounce Religion


You were on level 8 of the Dungeon.
You worshipped Vehumet.
Vehumet was pleased with you.
You visited 2 branches of the dungeon, and saw 10 of its levels.
You also visited: Sewer.

Inventory:

Hand Weapons
 y - a +1 dagger of venom (weapon)
Armour
 a - a +0 robe
 j - a +0 pair of gloves (worn)
 s - a +1 leather armour of fire resistance (worn)
 J - a +0 cloak (worn)
Jewellery
 m - a ring of wizardry (left hand)
 t - an amulet of the acrobat
 u - a +6 ring of strength (right hand)
 x - a ring of fire
 E - an amulet of magic regeneration (around neck)
 I - a ring of protection from cold
Wands
 p - a wand of light (13)
 w - a wand of charming (7)
 B - a wand of flame (7)
Scrolls
 d - a scroll of amnesia {unknown}
 g - 3 scrolls of immolation {unknown}
 h - 3 scrolls of blinking
 l - 4 scrolls of teleportation {unknown}
 o - 2 scrolls of fog {unknown}
 v - a scroll of poison {unknown}
 C - a scroll of enchant weapon {unknown}
 D - 2 scrolls of summoning {unknown}
 F - 2 scrolls of noise {unknown}
Potions
 b - a potion of magic
 e - 3 potions of invisibility
 f - a potion of attraction {unknown}
 k - 2 potions of flight
 n - 3 potions of might
 r - a potion of mutation {unknown}
 A - a potion of berserk rage
 G - a potion of cancellation {unknown}
 H - a potion of brilliance {unknown}


   Skills:
 + Level 4.7 Fighting
 - Level 4.4 Dodging
 + Level 7.9 Stealth
 + Level 8.1 Spellcasting
 + Level 7.4 Conjurations
 * Level 8.8 Air Magic
 + Level 4.8 Evocations


You had 15 spell levels left.
You knew the following spells:

 Your Spells              Type           Power      Damage    Failure   Level
a - Shock                 Conj/Air       100%       1d9       1%          1
b - Static Discharge      Conj/Air       92%        2-6/arc   1%          2
c - Swiftness             Air            50%        N/A       1%          3
d - Airstrike             Air            25%        2d(4-20)  1%          4

Your spell library contained the following spells:

 Spells                   Type           Power      Damage    Failure   Level
 Sandblast                Erth           18%        2d7       3%          1
 Cigotuvi's Dreadful Rot  Necr/Pois/Air  44%        N/A       1%          2
 Apportation              Tloc           18%        N/A       3%          1
 Beastly Appendage        Tmut           18%        N/A       3%          1
 Necrotise                Necr           36%        1d5       3%          1
 Summon Small Mammal      Summ           36%        N/A       3%          1
 Wereblood                Tmut           9%         N/A       5%          2
 Spider Form              Tmut/Pois      9%         N/A       11%         3
 Dispel Undead            Necr           9%         3d8       32%         4
 Death Channel            Necr           4%         N/A       99%         6


Dungeon Overview and Level Annotations

Branches:
Dungeon (9/15)             Temple (1/1) D:5           Sewer (visited)
   Lair: D:8-11         Orc: D:9-12

Altars:
Ashenzari
Cheibriados
Dithmenos
Elyvilon
Fedhas
Gozag
Hepliaklqana
Kikubaaqudgha
Makhleb
Nemelex Xobeh
Okawaru
Qazlal
Ru
Sif Muna
Trog
Uskayaw
Vehumet
Xom
Yredelemnul
Zin
The Shining One

Shops:
D:5 :=   D:8 *

Annotations:
D:7 5 transporters
D:8 1 runed translucent door
D:9 Maurice


Message History

* * * LOW HITPOINT WARNING * * *
You feel better. Something hits you but does no damage.
You are constricted.
* * * LOW HITPOINT WARNING * * *
The grasping roots release their grip on you.
You feel better. Something hits you but does no damage.
Aiming: Shock (safe; 1% risk of failure)
Press: ? - help, Q - select action, (/) - cycle Shift-Dir - straight line Something hits you.
* * * LOW HITPOINT WARNING * * *
Something steals 313 gold pieces!
You now have 0 gold pieces.
Unknown command.
Aiming: Shock (safe; 1% risk of failure)
Press: ? - help, Q - select action, (/) - cycle Shift-Dir - straight line Something hits you.
* * * LOW HITPOINT WARNING * * *
Something groans, "What are you, a monk?"
Unknown command.
Aiming: Shock (safe; 1% risk of failure)
Press: ? - help, Q - select action, (/) - cycle Shift-Dir - straight line Something barely misses you.
Unknown command.
Aiming: Shock (safe; 1% risk of failure)
Press: ? - help, Q - select action, (/) - cycle Shift-Dir - straight line The zap hits something.
You hear a zap.
The roots erupt in riotous growth!
The grasping roots grab you!
You are constricted.
* * * LOW HITPOINT WARNING * * *
Unknown command.
Aiming: Shock (safe; 1% risk of failure)
Press: ? - help, Q - select action, (/) - cycle Shift-Dir - straight line The zap hits something.
Something completely misses you.
You are constricted.
Unknown command.
Aiming: Shock (safe; 1% risk of failure)
Press: ? - help, Q - select action, (/) - cycle Shift-Dir - straight line The zap hits something.
Something hits you but does no damage.
You are constricted.
You die...

.............#
.............#
........:....#
.............#
.............# #####
.............# #..<#
#....######### #.###
#...........###### #.#
'.........#.....@# #.#
#.....###.#.####.######.#
#####.+3#..........∩....#
## #.###...####.########
.####.......# #.#
.....#####..# #.#
####..####..# #.#
............# #.#
.......###.## #.#


There were no monsters in sight!

Vanquished Creatures
  A cyclops (D:6)
  A troll (D:9)
  7 yaks
  A wyvern (D:8)
  A steam dragon (D:8)
  2 water moccasins
  2 black bears
  2 ice beasts
  A sky beast (D:6)
  2 orc warriors
  2 ogres
  4 centaurs
  3 kobold brigands
  A bullfrog (D:6)
  6 scorpions
  5 wights (D:7)
  9 killer bees (D:8)
  A jelly (D:4)
  3 howler monkeys (D:9)
  4 hounds
  3 orc priests
  3 sleepcaps
  Ijyb (D:3)
  5 iguanas
  5 orc wizards
  Terence (D:3)
  8 gnolls
  A river rat (D:4)
  12 adders
  2 shadow imps
  A white imp (D:6)
  2 dart slugs
  3 worms
  15 orcs
  10 endoplasms
  A giant cockroach (D:4)
  12 goblins
  6 hobgoblins
  7 jackals
  12 kobolds
  6 quokkas
  9 ball pythons
  13 bats
  A frilled lizard (D:1)
  10 rats
207 creatures vanquished.

Vanquished Creatures (others)
  38 plants (D:6)
38 creatures vanquished.

Grand Total: 245 creatures vanquished

Notes
Turn   | Place    | Note
-------+----------+-------------------------------------------
     0 | D:1      | LustLizard the Deep Elf Air Elementalist began the quest
                  | for the Orb.
     0 | D:1      | Reached XP level 1. HP: 10/10 MP: 6/6
   218 | D:1      | Reached XP level 2. HP: 15/15 MP: 5/8
   319 | D:1      | Learned a level 2 spell: Static Discharge
   606 | D:1      | Reached XP level 3. HP: 20/20 MP: 7/9
  1368 | D:2      | Found a shimmering altar of Xom.
  1394 | D:2      | Learned a level 3 spell: Swiftness
  1557 | D:2      | Reached XP level 4. HP: 19/24 MP: 0/11
  1792 | D:2      | Found a faded altar of an unknown god.
  2227 | D:2      | Learned a level 4 spell: Airstrike
  2550 | D:3      | Noticed Terence
  2553 | D:3      | Killed Terence
  2554 | D:3      | Reached skill level 1 in Fighting
  2635 | D:3      | Found a broken altar of Ashenzari.
  2655 | D:3      | Reached XP level 5. HP: 29/29 MP: 4/12
  2865 | D:3      | Noticed Ijyb
  2947 | D:3      | Killed Ijyb
  3811 | D:4      | Reached XP level 6. HP: 33/34 MP: 8/14
  4010 | D:4      | Found a glowing drain.
  4019 | Sewer    | Entered a sewer
  4132 | Sewer    | Noticed a water moccasin
  4136 | Sewer    | Killed a water moccasin
  4137 | Sewer    | Reached XP level 7. HP: 39/39 MP: 4/15
  4387 | D:4      | Reached skill level 5 in Air Magic
  4943 | D:5      | Entered Level 5 of the Dungeon
  4981 | D:5      | Found a staircase to the Ecumenical Temple.
  4997 | Temple   | Entered the Ecumenical Temple
  5104 | Temple   | Became a worshipper of Vehumet
  5375 | D:5      | Found Xuomm's Jewellery Emporium.
  5635 | D:5      | Reached skill level 5 in Conjurations
  5700 | D:5      | Reached skill level 5 in Spellcasting
  5830 | D:5      | Found Meir's Book Boutique.
  5852 | D:5      | Reached skill level 5 in Stealth
  5852 | D:5      | Reached XP level 8. HP: 33/45 MP: 4/17
  6997 | D:6      | Reached skill level 1 in Evocations
  7783 | D:6      | Reached * piety under Vehumet
  7783 | D:6      | Offered knowledge of Freeze by Vehumet.
  8061 | D:6      | Noticed a cyclops
  8082 | D:6      | Reached XP level 9. HP: 41/51 MP: 11/20
  8275 | D:6      | Killed a cyclops
  8594 | D:7      | Found a transporter.
  8596 | D:7      | Noticed a boulder beetle
  8609 | D:7      | Identified the ring of the Median {Fly Dex+4}
  8749 | D:7      | Identified the +6 quarterstaff "Killer Klown's Peril"
                  | {speed, rC+ Dex+3}
  8754 | D:7      | Found a transporter.
  8754 | D:7      | Found a transporter.
  8900 | D:7      | Found a transporter.
  8904 | D:7      | Noticed a white ugly thing
  8905 | D:7      | Noticed a troll
  9243 | D:7      | Identified the +0 leather armour "Riodd" {rN+}
  9300 | D:7      | Found a transporter.
 10076 | D:8      | Found Jiary's Lightly-Used Armoury.
 10093 | D:8      | Found a runed translucent door.
 10096 | D:8      | Noticed a sixfirhy
 10121 | D:8      | Reached XP level 10. HP: 57/57 MP: 18/23
 10166 | D:8      | Reached ** piety under Vehumet
 10170 | D:8      | Offered knowledge of Sandblast by Vehumet.
 11011 | D:8      | Found a shadowy altar of Dithmenos.
 11368 | D:9      | Found a bloodstained altar of Trog.
 11415 | D:9      | Noticed Maurice
 11714 | D:8      | Constricted to death by Maurice

Illustrated notes

Levels and vault maps discovered:
D:1:      mrwooster_arrival_statue, layout_loops_cross
D:2:      layout_basic, basic_altar, shapermc_ecumenical_altar_acropolis
D:3:      layout_basic, nicolae_ashenzari_panopticon, uniq_ijyb, uniq_terence
D:4:      layout_basic, portal_sewer_entry_b, minmay_cut_off
D:5:      layout_layer_cave, minmay_temple_entry_glass, serial_shops,
          nicolae_book_shop_shelving, minmay_shop_enchanted_jewellery,
          nrook_campfire
D:6:      minmay_chambers_of_fours, layout_basic, serial_rivers,
          chequers_serial_rivers_micro_a, chequers_serial_rivers_micro_d,
          chequers_serial_rivers_marsh, chequers_serial_rivers_micro_c,
          chequers_serial_rivers_large_b, chequers_serial_rivers_micro_c,
          serial_bayou_lagoon_a
D:7:      gammafunk_the_bubble [the_bubble_gammafunk_roulette],
          layout_loops_corners
D:8:      cheibrodos_shockbox, layout_basic, grunt_dithmenos_shadows,
          minmay_shop_damaged
D:9:      layout_gridville, amcnicky_altar_gilded, david_lair_generic,
          hangedman_decor_points, uniq_maurice
Temple:   mainiacjoe_temple_coin_purse

Skill      XL: |  1  2  3  4  5  6  7  8  9 10 |
---------------+-------------------------------+-----
Conjurations   | 2 3 4 5 6 7 |  7.4
Stealth        | 3 4 5 6 7 |  7.9
Fighting       | 1 2 3 4 |  4.7
Air Magic      | 4 5 6 8 |  8.8
Spellcasting   | 4 5 6 7 8 |  8.1
Dodging        | 3 4 |  4.4
Evocations     | 2 4 |  4.8

Action                     |  1- 3 |  4- 6 |  7- 9 | 10-12 || total
---------------------------+-------+-------+-------+-------++-------
  Melee: Dagger            |    11 |     4 |       |       ||    15
   Cast: Shock             |    73 |   118 |   113 |    27 ||   331
         Static Discharge  |     5 |    17 |    12 |     2 ||    36
         Airstrike         |       |     4 |    91 |    53 ||   148
         Swiftness         |       |       |     1 |     3 ||     4
    Use: Scroll            |       |     1 |     5 |     2 ||     8
         Potion            |       |     2 |       |     2 ||     4
 Armour: Robe              |    10 |     2 |       |       ||    12
         Leather armour    |       |     3 |    10 |     8 ||    21
  Dodge: Dodged            |    21 |    12 |    39 |    15 ||    87

Table legend: (Time is in decaauts)
 A = Elapsed time spent in this place.
 B = Non-inter-level travel time spent in this place.
 C = Inter-level travel time spent in this place.
 D = Time resting spent in this place.
 E = Time spent auto-exploring this place.
 F = Levels seen in this place.
 G = Mean time per level.
                   A        B        C        D        E       F      G
               +--------+--------+--------+--------+--------+-----+--------+
         Total |  11763 |  11210 |    553 |   1277 |   8192 |  11 | 1069.4 |
       Dungeon |  11307 |  10765 |    542 |   1103 |   7964 |   9 | 1256.3 |
        Temple |    122 |    111 |     11 |      0 |     91 |   1 |  122.0 |
         Sewer |    333 |    333 |      0 |    174 |    137 |   1 |  333.0 |
               +--------+--------+--------+--------+--------+-----+--------+

Top non-repeatable levels by time:
     D:6: 1884 daAuts
     D:5: 1715 daAuts
     D:7: 1522 daAuts
     D:8: 1376 daAuts
     D:1: 1367 daAuts
     D:4: 1144 daAuts
     D:3: 1103 daAuts
     D:2: 1064 daAuts
   Sewer: 333 daAuts
     D:9: 130 daAuts
  Temple: 122 daAuts
